 Dungeon Crawl Stone Soup version 0.16.2-12-gd0ad4c3 (webtiles) character file.

503954 DarkTechnomancer the Slayer (level 24, -2/242 HPs)
             Began as a Minotaur Gladiator on Oct 29, 2015.
             Was a High Priest of Okawaru.
             Killed from afar by an Ice Fiend (35 damage)
             ... with a bolt of cold
             ... summoned by a deep elf demonologist
             ... on level 3 of the Elven Halls on Oct 30, 2015.
             The game lasted 07:35:26 (57029 turns).

DarkTechnomancer the Slayer (Minotaur Gladiator)   Turns: 57029, Time: 07:35:26

Health: -2/242     AC: 40    Str: 30    XL:     24   Next: 10%
Magic:  38/38      EV: 26    Int:  5    God:    Okawaru [*****.]
Gold:   4752       SH:  0    Dex: 23    Spells: 3 memorised, 19 levels left

rFire  . . .     SeeInvis +     x - +9 lajatang (vamp)
rCold  . . .     Clarity  .     d - +0 crystal plate armour of Ytot {-Cast MP+9 Str+3 Dex+4}
rNeg   . . .     SustAb   .     (no shield)
rPois  +         Gourm    .     c - +0 hat
rElec  .         Spirit   .     n - +2 cloak {rPois}
rCorr  .         Warding  .     X - +2 pair of gloves {Dex+3}
rMut   +         Stasis   .     w - +0 pair of boots
MR     ++...     NoCast   +     u - amulet of resist mutation
Stlth  ..........               L - ring of see invisible
                                g - ring of protection from magic

@: silence, very slightly contaminated, hasted, very quick, very resistant to
hostile enchantments, extremely unstealthy
A: retaliatory headbutt, horns 2
a: Renounce Religion
}: 2/15 runes: decaying, gossamer


You were on level 3 of the Elven Halls.
You worshipped Okawaru.
Okawaru was extremely pleased with you.
You were not hungry.

You visited 9 branches of the dungeon, and saw 50 of its levels.
You visited the Abyss 1 time.
You also visited: Wizlab.

You collected 6235 gold pieces.
You spent 1483 gold pieces at shops.

Inventory:

Hand weapons
 x - a +9 vampiric lajatang (weapon)
 H - the +10 lajatang of Hapoog {venom, rF+ MR+, unknown}
   (You found it on level 1 of the Abyss)

   It poisons the flesh of those it strikes.
   It protects you from fire.
   It affects your resistance to hostile enchantments.
Missiles
 y - a throwing net (quivered)
Armour
 c - a +0 hat (worn)
 d - the +0 crystal plate armour of Ytot (worn) {-Cast MP+9 Str+3 Dex+4}
   (Okawaru gifted it to you on level 10 of the Dungeon)

   It affects your strength (+3).
   It affects your dexterity (+4).
   It affects your magic capacity (+9).
   It prevents spellcasting.
 n - a +2 cloak of poison resistance (worn)
 w - a +0 pair of boots (worn)
 X - a +2 pair of gloves of dexterity (worn)
 Z - a +1 buckler of protection
Jewellery
 g - a ring of protection from magic (left hand)
 u - an amulet of resist mutation (around neck)
 A - an uncursed ring of sustain abilities
 I - an uncursed amulet of stasis
 L - a ring of see invisible (right hand)
 O - an uncursed ring of positive energy
Magical devices
 D - a wand of paralysis (13)
 N - a wand of teleportation (3)
 S - a wand of hasting (4)
 U - a wand of cold (5)
Scrolls
 a - 6 scrolls of enchant armour
 e - 16 scrolls of remove curse
 k - a scroll of acquirement
 l - 19 scrolls of teleportation
 m - 3 scrolls of magic mapping
 s - 17 scrolls of identify
 z - 2 scrolls of enchant weapon
 C - a scroll of amnesia
 E - 4 scrolls of recharging
 P - 2 scrolls of fear
 T - 4 scrolls of fog
 V - a scroll of holy word
Potions
 b - 3 potions of resistance
 h - 17 potions of curing
 i - 2 potions of haste
 j - 10 potions of restore abilities
 q - 6 potions of agility
 r - 11 potions of flight
 v - 2 potions of heal wounds
 B - 6 potions of invisibility
 F - 3 potions of cancellation
 K - 3 potions of brilliance
 M - 6 potions of might
 W - a potion of cure mutation
Comestibles
 f - 20 bread rations
 o - 15 beef jerkies
 p - 18 meat rations
 t - 30 fruits
 G - 3 royal jellies


   Skills:
 * Level 25.0 Fighting
 - Level 14.0 Staves
 - Level 2.1 Throwing
 * Level 24.8 Armour
 * Level 23.4 Dodging
 + Level 12.0 Earth Magic
 - Level 8.4 Invocations


You had 19 spell levels left.
You knew the following spells:

 Your Spells              Type           Power        Failure   Level  Hunger
a - Sandblast             Erth           ##....       2%          1    ##.....
b - Apportation           Tloc           #.........   100%        1    ##.....
c - Blink                 Tloc           N/A          100%        2    ###....


Dungeon Overview and Level Annotations

Branches:
Dungeon (15/15)            Temple (1/1) D:4            Lair (8/8) D:8
  Swamp (5/5) Lair:6       Spider (5/5) Lair:3        Slime (0/6) Lair:8
    Orc (4/4) D:12            Elf (3/3) Orc:3        Vaults (4/5) D:14
  Crypt (0/3) Vaults:2     Depths (5/5) D:15            Zot (0/5) Depths:5

Altars:
Ashenzari
Dithmenos
Elyvilon
Fedhas
Gozag
Kikubaaqudgha
Makhleb
Nemelex Xobeh
Okawaru
Qazlal
Ru
Sif Muna
Trog
Vehumet
Xom
Yredelemnul
Zin
The Shining One
Beogh
Jiyva
Lugonu

Shops:
D:12 (   D:15 (   Orc:2 =   Orc:4 [}}%   Elf:1 }   Vaults:4 :   Depths:1 }

Portals:
Hell: Depths:1 Depths:2 Depths:3 Depths:4 Depths:5
Abyss: Depths:2 Depths:4
Pandemonium: Depths:3 Depths:5
Ziggurat: Depths:5

Annotations:
Lair:4 exclusion: oklob plant


Innate Abilities, Weirdness & Mutations

You reflexively headbutt those who attack you in melee.
You have a pair of horns on your head.


Message History

The Shadow Fiend hits you but does no damage.
The Shadow Fiend completely misses you.
The blue devil hits you but does no damage.
Drink which item? (? for menu, Esc to quit)
You feel much better.
The blue devil disappears in a puff of smoke!
The Ice Fiend claws you but does no damage. x2
The Shadow Fiend gestures at you. The bolt of cold hits you!
* * * LOW HITPOINT WARNING * * *
You see here a dagger.
Drink which item? (? for menu, Esc to quit)
You feel much better.
The Shadow Fiend calls on the powers of darkness!
The deep elf demonologist convulses!
Your body is wracked with pain!
* * * LOW HITPOINT WARNING * * *
The deep elf death mage convulses!
The Ice Fiend gestures at you. The bolt of cold hits you!
You die...

..### #........###....:...<.../#
....#############*#############'#
...............###.# #...#
..############.:#..# ##..# ..###
##...#* ####
....#*********##.##**********
..###,,,,,,,,,*#)#*,,,,,,,,,* .##
*,,,,,,,,,*#)#*,,,,,,,,,* .#
*,,,,,,,,,*#@#*,,,,,,,,,* .#
*,,,,,,,,,*#)#*,,,,,,,,,* .#
*,*********#1#*******+***
.####,,,,******#3#***** *,,,*
....#,****#..e≈§13≈...# *,,,*
....#,****#...≈≈e3≈e4.#**,,,*
..###,,,,....e≈≈4≈≈.e...***,* ..#
*,,,*##...≈≈2≈≈...#.* *,* ..#
*,,**,######e######,***,*


You could see an Ice Fiend, a Shadow Fiend, a deep elf death mage, a soul eater,
a deep elf demonologist, a sixfirhy, 2 smoke demons and a hellion.

Vanquished Creatures
  An ancient lich (WizLab)
  Mara (thrice) (Spider:5)
  The ghost of Dimlob the Swordmaster, a great MiMo of Qazlal (Vaults:4)
  Saint Roka (Swamp:4)
  3 caustic shrikes (Depths:4)
  2 golden dragons (Depths:4)
  3 bone dragons
  4 tentacled monstrosities
  2 titans (Depths:3)
  Asterion (Depths:2)
  A quicksilver dragon (Depths:2)
  3 liches
  6 sphinxes
  3 tentacled starspawn (Abyss:1)
  2 thorn hunters
  An ancient champion (WizLab)
  Rupert (Swamp:4)
  A shadow dragon (Depths:4)
  Agnes (Spider:2)
  6 tengu reavers
  A storm dragon (Depths:4)
  The ghost of 2bobheros the Warrior, a mighty VSBe of Trog (Swamp:3)
  A draconian monk (Depths:5)
  Roxanne (Spider:5)
  12 frost giants
  6 fire giants
  Wiglaf (Spider:2)
  A draconian scorcher (Depths:5)
  A balrug (Abyss:1)
  Aizul (Depths:2)
  A cacodemon (Depths:3)
  6 vault wardens
  5 ghost moths
  18 emperor scorpions
  An orc warlord (Vaults:4)
  5 deep elf sorcerers
  A ghoul (Vaults:2)
  7 ironheart preservers
  2 rakshasas (Depths:4)
  22 stone giants
  A grey draconian (Depths:5)
  8 very ugly things
  2 vampire knights
  A deep elf demonologist (Elf:3)
  An ophan (Abyss:1)
  A purple draconian (Depths:5)
  4 deep elf annihilators
  2 green deaths (Swamp:5)
  A red draconian (Depths:5)
  A pale draconian (Depths:5)
  A white draconian (Depths:5)
  2 deep elf death magi
  Snorg (Swamp:4)
  A jiangshi (Vaults:2)
  3 minotaurs
  16 fire dragons
  9 ettins
  A hell beast (Depths:4)
  15 yaktaur captains
  4 vault guards (D:14)
  Fannar (D:10)
  8 spriggan air magi
  26 hydras
  A monstrous demonspawn (Depths:3)
  Nessos (Spider:2)
  9 great orbs of eyes
  13 ogre magi
  11 ice dragons
  2 catoblepae
  14 centaur warriors
  2 ghost crabs
  15 dancing weapons
  The ghost of DominusPorcus the Blocker, an experienced MiFi of Okawaru (Orc:1)
  12 alligators
  The ghost of gammafunk the Severer, an experienced MiBe of Trog (Orc:4)
  9 deep troll earth magi
  A satyr (shapeshifter) (Depths:3)
  22 death yaks
  A vampire mage (Depths:3)
  9 tengu warriors
  9 deep troll shamans
  5 spriggan berserkers
  2 soul eaters
  A shock serpent (shapeshifter) (D:15)
  A storm dragon zombie (Abyss:1)
  2 fire crabs
  28 deep elf knights
  3 wretched stars (Abyss:1)
  A spatial maelstrom (Abyss:1)
  4 iron trolls
  A titan skeleton (Depths:2)
  A salamander mystic (Depths:1)
  14 hell knights
  A shadow wraith (Vaults:4)
  A spriggan druid (Swamp:5)
  17 skeletal warriors
  2 ice devils
  4 flayed ghosts
  14 deep elf summoners
  5 shambling mangroves
  21 starcursed masses (Abyss:1)
  11 hill giants
  6 swamp dragons
  3 giant orange brains
  19 deep elf conjurers
  7 unseen horrors
  23 deep trolls
  5 ironbrand convokers
  8 orc knights
  4 harpies (Vaults:2)
  16 orb spiders
  A tengu skeleton (Vaults:4)
  2 orc sorcerers
  2 wizards
  A mana viper (shapeshifter) (Vaults:3)
  10 necromancers
  60 ugly things
  2 sphinx zombies (Depths:2)
  A frost giant zombie (Vaults:4)
  43 wolf spiders
  3 salamanders (Depths:1)
  7 cyclopes
  An octopode (shapeshifter) (Depths:2)
  A phantasmal warrior (Vaults:2)
  4 griffons
  2 manticores
  29 elephants
  4 sixfirhies
  3 moths of wrath
  A hornet (shapeshifter) (Depths:2)
  5 centaur zombies
  10 hornets
  An elephant (shapeshifter) (D:13)
  Joseph (D:11)
  4 torpor snails
  10 black mambas
  11 vault sentinels
  4 rust devils
  3 gargoyles
  3 kobold demonologists
  7 orange demons
  An efreet (D:12)
  Psyche (D:12)
  23 spiny frogs
  A smoke demon (Abyss:1)
  An apocalypse crab (Abyss:1)
  A spriggan zombie (Depths:2)
  12 small abominations
  2 human zombies (Vaults:4)
  54 yaktaurs
  18 demonic crawlers
  A hellion (Depths:5)
  3 red devils (Depths:1)
  A tengu conjurer (Depths:4)
  2 fire drakes
  3 ancient zymes (Abyss:1)
  7 freezing wraiths
  4 hellwings
  7 trolls
  A polar bear (Lair:4)
  The ghost of shoobs the Nimble, an experienced FeMo (D:5)
  3 komodo dragons
  22 jumping spiders
  2 polar bears (shapeshifter)
  A blue devil (Depths:4)
  A queen bee (shapeshifter) (Vaults:4)
  A slime creature (shapeshifter) (Vaults:4)
  A wolf spider simulacrum (D:15)
  Grinder (D:6)
  29 two-headed ogres
  15 deep elf priests
  2 blink frogs (shapeshifter)
  32 slime creatures
  2 giant leeches
  7 raiju (Abyss:1)
  A tengu simulacrum (Depths:2)
  14 bog bodies
  A raiju (shapeshifter) (Depths:4)
  27 ravens
  6 boulder beetles
  An ettin zombie (Vaults:4)
  A stone giant simulacrum (Vaults:1)
  5 spriggans
  11 large abominations
  2 human simulacra
  5 basilisks
  15 blink frogs
  28 tarantellas
  12 air elementals
  26 trapdoor spiders
  43 redbacks
  2 tarantellas (shapeshifter)
  2 frost giant simulacra
  2 wraiths
  22 yaks
  4 shadows
  7 chaos spawn
  43 deep elf magi
  4 hill giant zombies (WizLab)
  6 vampires
  2 hungry ghosts (D:12)
  2 hippogriffs (shapeshifter)
  40 deep elf fighters
  3 wolves
  A human (shapeshifter) (Vaults:4)
  A wyvern (D:10)
  2 wargs
  10 hippogriffs
  3 mottled dragons
  A warg (shapeshifter) (Vaults:2)
  3 spatial vortices (Abyss:1)
  An elf simulacrum (Depths:2)
  15 insubstantial wisps
  3 neqoxecs
  A soldier ant (D:14)
  24 swamp worms
  31 vampire mosquitoes
  2 hell hounds
  14 water moccasins
  12 porcupines
  A deep troll skeleton (Vaults:4)
  A spider (shapeshifter) (Depths:4)
  8 ice beasts (Lair:2)
  2 sky beasts
  3 boggarts (Depths:2)
  4 phantoms
  11 swamp drakes
  30 spiders
  An eye of draining (D:11)
  A necrophage (D:9)
  28 orc warriors
  8 wasps
  63 ogres
  A boring beetle (Spider:1)
  30 centaurs
  19 crocodiles
  Duvessa (D:6)
  2 yaktaur zombies (Vaults:4)
  5 big kobolds
  30 giant frogs
  A crocodile (shapeshifter) (Elf:1)
  A gnoll sergeant (D:6)
  A wyvern skeleton (D:13)
  6 troll zombies (WizLab)
  9 scorpions
  11 electric eels
  13 killer bees
  17 wights
  13 crimson imps
  2 giant frog zombies (D:13)
  4 quasits
  Dowan (D:6)
  A giant frog skeleton (D:9)
  3 jellies
  6 centaur skeletons
  26 orc priests
  9 hounds
  A spectral swamp drake (Swamp:4)
  29 orc wizards
  13 worker ants
  10 iguanas
  A hell rat (Elf:3)
  3 iron imps (Abyss:1)
  18 sheep
  Jessica (D:3)
  5 ogre zombies (WizLab)
  A hound zombie (D:4)
  3 mummies
  13 gnolls
  31 adders
  69 river rats
  5 shadow imps
  4 white imps
  3 giant mites
  3 worms
  4 ufetubi
  6 giant geckos
  201 orcs
  5 ball pythons
  21 bats
  A bat skeleton (D:4)
  5 giant cockroaches
  24 hobgoblins
  9 jackals
  17 quokkas
  4 giant newts
  19 goblins
  32 kobolds
  An orc zombie (Abyss:1)
  A quokka skeleton (D:5)
  21 rats
  6 ballistomycetes (D:15)
  A crawling corpse (Elf:1)
  A plant (Lair:1)
  2 starspawn tentacles (Abyss:1)
2540 creatures vanquished.

Vanquished Creatures (others)
  Nikola (Depths:1)
  A vampire knight (Depths:4)
  An orb spider (Spider:4)
  A redback (Spider:4)
  A deep elf mage (Elf:1)
  An adder (D:4)
  An orc (Orc:4)
  A quokka (D:4)
  A giant newt (D:4)
  A giant spore (D:15)
  26 fungi
  11 plants
  8 starspawn tentacles (Abyss:1)
  111 starspawn tentacle segments (Abyss:1)
166 creatures vanquished.

Grand Total: 2706 creatures vanquished

Notes
Turn   | Place    | Note
--------------------------------------------------------------
     0 | D:1      | DarkTechnomancer, the Minotaur Gladiator, began the quest for the Orb.
     0 | D:1      | Reached XP level 1. HP: 18/18 MP: 1/1
   402 | D:1      | Reached XP level 2. HP: 25/25 MP: 1/1
   404 | D:1      | Reached skill level 4 in Staves
   545 | D:1      | Reached XP level 3. HP: 21/30 MP: 2/2
  1508 | D:2      | Reached XP level 4. HP: 24/38 MP: 2/2
  1745 | D:2      | Reached skill level 5 in Staves
  1754 | D:2      | Found a blossoming altar of Fedhas.
  1949 | D:3      | Learned a level 1 spell: Sandblast
  1961 | D:3      | Found a deep blue altar of Sif Muna.
  1984 | D:3      | Noticed Jessica
  1997 | D:3      | Killed Jessica
  2188 | D:3      | Found a shadowy altar of Dithmenos.
  2233 | D:3      | Reached XP level 5. HP: 37/45 MP: 2/2
  2361 | D:3      | Reached skill level 6 in Staves
  2841 | D:4      | Noticed an ogre
  2846 | D:4      | Killed an ogre
  2846 | D:4      | Reached skill level 7 in Staves
  2846 | D:4      | Reached XP level 6. HP: 51/51 MP: 3/3
  2910 | D:4      | Found a staircase to the Ecumenical Temple.
  2923 | Temple   | Entered the Ecumenical Temple
  3244 | D:4      | Reached skill level 8 in Staves
  3395 | D:4      | Noticed a phantom
  3415 | D:4      | Killed a phantom
  3415 | D:4      | Reached XP level 7. HP: 43/57 MP: 3/3
  3434 | D:4      | Reached skill level 9 in Staves
  3630 | D:4      | Found a stormy altar of Qazlal.
  3741 | D:4      | Noticed an ogre
  3748 | D:4      | Killed an ogre
  3921 | D:5      | Entered Level 5 of the Dungeon
  4020 | D:5      | Reached skill level 10 in Staves
  4290 | D:5      | Noticed shoobs' ghost (experienced FeMo)
  4317 | D:5      | Killed shoobs' ghost
  4317 | D:5      | Reached skill level 11 in Staves
  4317 | D:5      | Reached XP level 8. HP: 5/63 MP: 3/3
  4767 | Temple   | Became a worshipper of Warmaster Okawaru
  4870 | D:5      | Got a bronze scale mail
  4881 | D:5      | Identified the +3 scale mail "Tate Rosh" {Slay+2} (You found it on level 5 of the Dungeon)
  5142 | D:6      | Noticed Dowan
  5159 | D:6      | Killed Dowan
  5160 | D:6      | Noticed Duvessa
  5167 | D:6      | Killed Duvessa
  5448 | D:6      | Reached skill level 12 in Staves
  5568 | D:6      | Found a glowing silver altar of Zin.
  5575 | D:6      | Noticed Grinder
  5583 | D:6      | Killed Grinder
  5583 | D:6      | Acquired Okawaru's first power
  5592 | D:6      | Found a radiant altar of Vehumet.
  5625 | D:6      | Reached skill level 13 in Staves
  5975 | D:6      | Reached XP level 9. HP: 53/69 MP: 4/4
  6022 | D:6      | Found a blossoming altar of Fedhas.
  6344 | D:7      | Reached skill level 14 in Staves
  6393 | D:7      | Found an ancient bone altar of Kikubaaqudgha.
  6450 | D:7      | Reached skill level 1 in Armour
  6800 | D:7      | Found a white marble altar of Elyvilon.
  6889 | D:8      | Reached skill level 5 in Dodging
  6948 | D:8      | Found a sparkling altar of Nemelex Xobeh.
  7092 | D:8      | Reached skill level 5 in Fighting
  7159 | D:8      | Found a staircase to the Lair.
  7169 | D:8      | Noticed a fire drake
  7183 | D:8      | Killed a fire drake
  7673 | D:8      | Found a shattered altar of Ashenzari.
  7766 | D:8      | You fall through a shaft!
  7766 | D:9      | Found a glowing golden altar of the Shining One.
  7766 | D:9      | Noticed an angel
  7885 | D:9      | Reached skill level 5 in Armour
  7930 | D:9      | Reached XP level 10. HP: 70/83 MP: 4/4
  8025 | D:9      | Found a basalt altar of Yredelemnul.
  8026 | D:9      | Noticed a profane servitor
  8517 | Lair:1   | Entered Level 1 of the Lair of Beasts
  8632 | Lair:1   | Noticed a black mamba
  8644 | Lair:1   | Killed a black mamba
  9009 | Lair:1   | Noticed a five-headed hydra
  9017 | Lair:1   | Killed a five-headed hydra
 10190 | Lair:2   | Acquired Okawaru's second power
 10231 | Lair:2   | Received a gift from Okawaru
 10353 | Lair:2   | Reached XP level 11. HP: 57/95 MP: 4/4
 10799 | Lair:2   | Received a gift from Okawaru
 11177 | Lair:3   | Found a hole to the Spider Nest.
 11549 | Lair:3   | Noticed an eight-headed hydra
 11568 | Lair:3   | Killed an eight-headed hydra
 11568 | Lair:3   | Reached skill level 10 in Fighting
 11889 | Lair:3   | Got a ripped robe
 11933 | Lair:3   | Received a gift from Okawaru
 12593 | Lair:4   | Found an ancient bone altar of Kikubaaqudgha.
 12682 | Lair:4   | Reached skill level 10 in Dodging
 12682 | Lair:4   | Reached skill level 1 in Invocations
 12754 | Lair:4   | Reached skill level 10 in Armour
 13102 | Lair:4   | Noticed a five-headed hydra
 13116 | Lair:4   | Killed a five-headed hydra
 13314 | Lair:4   | Noticed a catoblepas
 13340 | Lair:4   | Killed a catoblepas
 13340 | Lair:4   | Reached XP level 12. HP: 62/110 MP: 6/9
 13508 | Lair:4   | Received a gift from Okawaru
 14284 | Lair:5   | Got a tattered robe
 15280 | Lair:6   | Noticed a five-headed hydra
 15293 | Lair:6   | Killed a 13-headed hydra
 15318 | Lair:6   | Noticed a five-headed hydra
 15614 | Lair:6   | Found a staircase to the Swamp.
 15634 | Lair:6   | Received a gift from Okawaru
 15683 | Lair:6   | Identified the +1 robe "Unekh" {rPois rF- SInv} (You found it on level 3 of the Lair of Beasts)
 15693 | Lair:6   | Identified the +2 robe of Ciuqol {rElec Dex+3 SInv Stlth-} (You found it on level 5 of the Lair of Beasts)
 15941 | Lair:6   | Gained mutation: You evolve. [potion of beneficial mutation]
 16023 | Lair:7   | Noticed an eight-headed hydra
 16046 | Lair:7   | Killed a 18-headed hydra
 16255 | Lair:7   | You fall through a shaft!
 16255 | Lair:8   | Entered Level 8 of the Lair of Beasts
 16257 | Lair:8   | Noticed an eight-headed hydra
 16279 | Lair:7   | Reached XP level 13. HP: 117/119 MP: 15/15
 16610 | Lair:7   | Noticed a four-headed hydra
 16618 | Lair:7   | Killed a nine-headed hydra
 16618 | Lair:7   | Reached skill level 5 in Invocations
 16941 | Lair:8   | Noticed an eight-headed hydra
 16961 | Lair:8   | Killed a 19-headed hydra
 16966 | Lair:8   | Found a staircase to the Slime Pits.
 16968 | Lair:8   | Found a viscous altar of Jiyva.
 17014 | Lair:8   | Found a glowing silver altar of Zin.
 17060 | Lair:8   | Received a gift from Okawaru
 17346 | Lair:8   | Killed a 16-headed hydra
 17677 | Lair:8   | Gained mutation: You can spit poison. [evolution]
 18073 | Lair:8   | Received a gift from Okawaru
 18180 | Lair:8   | Got a faintly humming chain mail
 18603 | Lair:8   | Identified the +7 chain mail of Share {rElec} (You found it on level 8 of the Lair of Beasts)
 19117 | D:10     | Entered Level 10 of the Dungeon
 19255 | D:10     | Noticed Fannar
 19285 | D:10     | Killed Fannar
 19299 | D:10     | Reached XP level 14. HP: 119/132 MP: 13/19
 20121 | D:10     | Identified a +8 rod of the swarm (11/11) (You found it on level 8 of the Lair of Beasts)
 20212 | D:10     | Received a gift from Okawaru
 20223 | D:10     | Got an ichor-stained crystal plate armour {god gift}
 20234 | D:10     | Identified the +0 crystal plate armour of Ytot {-Cast MP+9 Str+3 Dex+4} (Okawaru gifted it to you on level 10 of the Dungeon)
 20513 | D:11     | Noticed Joseph
 20533 | D:11     | Killed Joseph
 21091 | D:12     | Found Uxziot's Weapon Shoppe.
 21100 | D:12     | Found a staircase to the Orcish Mines.
 21617 | D:9      | Gained mutation: Your spells are a little harder to cast, but a little more powerful. [evolution]
 21617 | D:9      | Lost mutation: You evolve. [end of evolution]
 22076 | D:12     | Noticed Psyche
 22085 | D:12     | Killed Psyche
 22122 | D:12     | Found a runed door.
 22175 | D:12     | Identified the Catalogue of Weightlessness and the Voyage
 22402 | Orc:1    | Entered Level 1 of the Orcish Mines
 22440 | Orc:1    | Noticed DominusPorcus' ghost (experienced MiFi)
 22462 | Orc:1    | Killed DominusPorcus' ghost
 22462 | Orc:1    | Reached skill level 15 in Fighting
 23430 | Orc:2    | Found Qivviowk's Jewellery Emporium.
 23439 | Orc:2    | Bought an uncursed ring of sustain abilities for 262 gold pieces
 23439 | Orc:2    | Bought a cursed amulet of stasis for 217 gold pieces
 23561 | Orc:3    | Found a staircase to the Elven Halls.
 23912 | Orc:3    | Identified Osmiam's Tome of Cloudy Confrontation
 23968 | Orc:3    | Learned a level 1 spell: Apportation
 23969 | Orc:4    | Entered Level 4 of the Orcish Mines
 24191 | Orc:4    | Received a gift from Okawaru
 24507 | Orc:4    | Noticed gammafunk's ghost (experienced MiBe)
 24508 | Orc:4    | Reached skill level 15 in Armour
 24548 | Orc:4    | Killed gammafunk's ghost
 24548 | Orc:4    | Received a gift from Okawaru
 24565 | Orc:4    | Found Pruig's Armour Emporium.
 24565 | Orc:4    | Found Erifofuo's Gadget Shop.
 24566 | Orc:4    | Found Alez's Gadget Shop.
 24567 | Orc:4    | Found Klirr's Food Shoppe.
 24728 | Orc:4    | Gained mutation: You occasionally shout uncontrollably at your foes. [a neqoxec]
 24810 | Orc:4    | Found a roughly hewn altar of Beogh.
 25156 | Elf:1    | Entered Level 1 of the Elven Halls
 25494 | Elf:1    | Reached XP level 15. HP: 141/141 MP: 21/21
 25580 | Elf:1    | Received a gift from Okawaru
 25606 | Elf:1    | Noticed a deep elf sorcerer
 25618 | Elf:1    | Killed a deep elf sorcerer
 25650 | Elf:1    | Found a magical portal.
 25655 | WizLab   | Entered Zonguldrok's Shrine
 25839 | WizLab   | Noticed an ancient champion
 25876 | WizLab   | Reached skill level 1 in Earth Magic
 25892 | WizLab   | Killed an ancient champion
 25921 | WizLab   | Noticed an antique lich
 25941 | WizLab   | Killed an antique lich
 25941 | WizLab   | Received a gift from Okawaru
 25941 | WizLab   | Reached skill level 16 in Fighting
 25941 | WizLab   | Reached skill level 15 in Dodging
 26299 | Elf:1    | Found Mutu's Gadget Shoppe.
 26316 | Elf:1    | Bought a wand of teleportation (4) for 384 gold pieces
 27228 | Elf:2    | Found a runed gate.
 27228 | Elf:2    | Found a runed gate.
 27228 | Elf:2    | Found a runed gate.
 27296 | Elf:2    | Received a gift from Okawaru
 28017 | Elf:2    | Reached XP level 16. HP: 125/152 MP: 23/23
 29074 | Lair:2   | Identified a scroll of acquirement
 29216 | D:13     | Reached skill level 17 in Armour
 30040 | D:14     | Found a gate to the Vaults.
 30064 | D:14     | Received a gift from Okawaru
 30784 | D:15     | Entered Level 15 of the Dungeon
 30842 | D:15     | Received a gift from Okawaru
 31031 | D:15     | Found a staircase to the Depths.
 31478 | D:15     | Found Wuiric's Antique Weapon Boutique.
 31481 | D:15     | Bought a jewelled lajatang for 620 gold pieces
 31481 | D:15     | Identified the +6 lajatang of the Empty Page {drain, +Rage rElec rPois} (You bought it in a shop on level 15 of the Dungeon)
 31882 | Spider:1 | Entered Level 1 of the Spider Nest
 32362 | Spider:1 | Reached XP level 17. HP: 163/163 MP: 24/24
 32923 | Spider:2 | Reached skill level 5 in Earth Magic
 32956 | Spider:2 | Noticed Nessos
 32960 | Spider:2 | Noticed Wiglaf
 32972 | Spider:2 | Killed Nessos
 32988 | Spider:2 | Killed Wiglaf
 32988 | Spider:2 | Reached skill level 18 in Fighting
 33105 | Spider:2 | Noticed Agnes
 33126 | Spider:2 | Killed Agnes
 33126 | Spider:2 | Received a gift from Okawaru
 33755 | Spider:3 | Lost mutation: Your spells are a little harder to cast, but a little more powerful. [potion of cure mutation]
 33755 | Spider:3 | Lost mutation: You occasionally shout uncontrollably at your foes. [potion of cure mutation]
 33755 | Spider:3 | Lost mutation: You can spit poison. [potion of cure mutation]
 34378 | Spider:3 | Got a transparent scale mail
 34389 | Spider:3 | Identified the cursed -8 scale mail of Cesmysigh {+Blink rC- rN+ Regen+ Dex+5} (You found it on level 3 of the Spider Nest)
 34636 | Spider:4 | Received a gift from Okawaru
 35151 | Spider:5 | Entered Level 5 of the Spider Nest
 35291 | Spider:5 | Noticed Mara
 35304 | Spider:5 | Noticed DarkTechnomancer's illusion
 35313 | Spider:5 | Killed Mara
 35320 | Spider:5 | Killed Mara
 35544 | Spider:5 | Noticed Roxanne
 35706 | Spider:5 | Killed Roxanne
 35760 | Spider:5 | Identified Roxanne's Catalogue of the Mountains and Shape Shifting (You took it off Roxanne on level 5 of the Spider Nest)
 36113 | Spider:5 | Reached skill level 19 in Fighting
 36125 | Spider:5 | Received a gift from Okawaru
 36313 | Spider:5 | Reached XP level 18. HP: 148/176 MP: 25/25
 36535 | Spider:5 | Got a gossamer rune of Zot
 36683 | Spider:5 | Killed Mara
 37102 | Swamp:1  | Entered Level 1 of the Swamp
 37944 | Swamp:2  | Received a gift from Okawaru
 38697 | Swamp:3  | You fall through a shaft!
 38751 | Swamp:4  | Noticed Saint Roka
 38787 | Swamp:4  | Killed Saint Roka
 38894 | Swamp:3  | Noticed 2bobheros' ghost (mighty VSBe)
 38909 | Swamp:3  | Killed 2bobheros' ghost
 39703 | Swamp:4  | Noticed Rupert
 39704 | Swamp:4  | Noticed Snorg
 39725 | Swamp:4  | Killed Rupert
 39732 | Swamp:4  | Killed Snorg
 39732 | Swamp:4  | Reached skill level 20 in Fighting
 40399 | Swamp:5  | Entered Level 5 of the Swamp
 40481 | Swamp:5  | Reached XP level 19. HP: 185/185 MP: 25/25
 40736 | Swamp:5  | Got a decaying rune of Zot
 41832 | Vaults:1 | Entered Level 1 of the Vaults
 41836 | Vaults:1 | Received a gift from Okawaru
 41937 | Vaults:1 | Received a gift from Okawaru
 42240 | Vaults:1 | Received a gift from Okawaru
 42719 | Vaults:1 | Received a gift from Okawaru
 43240 | Vaults:2 | Reached skill level 21 in Fighting
 43453 | Vaults:2 | Found a staircase to the Crypt.
 43670 | Vaults:2 | Reached XP level 20. HP: 164/198 MP: 26/26
 44193 | Vaults:2 | Received a gift from Okawaru
 45413 | Vaults:3 | Received a gift from Okawaru
 45621 | Vaults:4 | Noticed Dimlob's ghost (great MiMo)
 45657 | Vaults:4 | Killed Dimlob's ghost
 45778 | Vaults:4 | Found Jumal's Book Shoppe.
 46470 | Vaults:4 | Reached skill level 22 in Fighting
 46604 | Vaults:4 | Received a gift from Okawaru
 47235 | Depths:1 | Entered Level 1 of the Depths
 47445 | Depths:1 | Reached XP level 21. HP: 207/207 MP: 27/27
 47540 | Depths:1 | Found Makaut Aqall's Quality Used Wands.
 47651 | Depths:1 | Noticed Nikola
 47663 | Depths:1 | Killed Nikola
 47990 | Depths:1 | Received a gift from Okawaru
 48104 | Depths:1 | Found a gateway to Hell.
 48625 | Depths:2 | Reached skill level 10 in Earth Magic
 48639 | Depths:2 | Received a gift from Okawaru
 48827 | Depths:2 | Noticed Asterion
 48836 | Depths:2 | Killed Asterion
 48836 | Depths:2 | Reached skill level 23 in Fighting
 48949 | Depths:2 | Noticed Aizul
 48967 | Depths:2 | Killed Aizul
 48969 | Depths:2 | Reached XP level 22. HP: 218/220 MP: 27/27
 49214 | Depths:2 | Found a one-way gate to the infinite horrors of the Abyss.
 50086 | Depths:2 | Received a gift from Okawaru
 50087 | Depths:2 | Got an iridescent lajatang {god gift}
 50088 | Depths:2 | Identified the -1 lajatang of Descent {drain, Int+3 Dex+4} (Okawaru gifted it to you on level 2 of the Depths)
 50936 | Depths:3 | Found a one-way gate leading to the halls of Pandemonium.
 51500 | Depths:4 | Noticed a caustic shrike
 51508 | Depths:4 | Killed a caustic shrike
 51516 | Depths:4 | Noticed a caustic shrike
 51516 | Depths:4 | Noticed a caustic shrike
 51534 | Depths:4 | Killed a caustic shrike
 51545 | Depths:4 | Killed a caustic shrike
 51545 | Depths:4 | Reached skill level 24 in Fighting
 51575 | Depths:4 | Reached XP level 23. HP: 229/229 MP: 28/28
 52130 | Depths:4 | Identified the Grimoire of Dislocation
 53184 | Depths:5 | Entered Level 5 of the Depths
 53432 | Depths:5 | Found a gate to the Realm of Zot.
 53625 | Depths:5 | Found a gateway to a ziggurat.
 53701 | Depths:5 | Paralysed by a giant eyeball for 2 turns
 53721 | Depths:5 | Paralysed by a giant eyeball for 3 turns
 53729 | Depths:5 | Paralysed by a giant eyeball for 2 turns
 53736 | Depths:5 | Paralysed by a giant eyeball for 4 turns
 53752 | Depths:5 | Paralysed by a giant eyeball for 4 turns
 53759 | Depths:5 | Paralysed by a giant eyeball for 3 turns
 53766 | Depths:5 | Paralysed by a giant eyeball for 3 turns
 54489 | Depths:1 | Learned a level 2 spell: Blink
 54719 | Elf:3    | Entered Level 3 of the Elven Halls
 54850 | Elf:3    | Received a gift from Okawaru
 55597 | Elf:3    | Cast into the Abyss (a deep elf sorcerer)
 55597 | Abyss:1  | Found a corrupted altar of Lugonu.
 56050 | Abyss:1  | Received a gift from Okawaru
 56284 | Abyss:1  | Received a gift from Okawaru
 56566 | Abyss:1  | Reached XP level 24. HP: 212/240 MP: 29/29
 56652 | Abyss:1  | Got a translucent lajatang
 56669 | Abyss:1  | Found a corrupted altar of Lugonu.
 56744 | Abyss:1  | Reached skill level 25 in Fighting
 56815 | Abyss:1  | Found a corrupted altar of Lugonu.
 57011 | Elf:3    | Escaped the Abyss
 57029 | Elf:3    | Killed from afar by an Ice Fiend

Action                   |  1- 3 |  4- 6 |  7- 9 | 10-12 | 13-15 | 16-18 | 19-21 | 22-24 || total
-------------------------+-------+-------+-------+-------+-------+-------+-------+-------++-------
Melee: Quarterstaff      |    86 |   174 |   391 |   599 |       |       |       |       ||  1250
       Lajatang          |       |       |       |   259 |  1520 |  1857 |  1931 |  1478 ||  7045
Throw: Throwing net      |       |     1 |     6 |     6 |       |       |       |       ||    13
       Javelin           |       |       |       |     1 |       |       |       |       ||     1
Invok: Heroism           |       |       |       |     5 |    14 |    16 |    12 |     9 ||    56
       Finesse           |       |       |       |       |    10 |    15 |    12 |     8 ||    45
Evoke: Wand              |       |       |       |     3 |     4 |     4 |       |     3 ||    14
  Use: Scroll            |       |     7 |     7 |    24 |    17 |    15 |     4 |    10 ||    84
       Potion            |       |       |     3 |    12 |     3 |     1 |     3 |    11 ||    33
 Stab: Held in net/web   |       |       |     2 |     1 |       |       |       |       ||     3
       Paralysed         |       |       |       |    11 |     3 |       |       |       ||    14
       Confused          |       |       |       |       |       |       |     1 |       ||     1
  Eat: Chunk             |     2 |     6 |    10 |    24 |    23 |    27 |    15 |     5 ||   112
       Bread ration      |       |       |     1 |       |     4 |     3 |     3 |     5 ||    16
       Pizza             |       |       |       |     1 |       |     4 |     1 |       ||     6
       Beef jerky        |       |       |       |     1 |     1 |       |       |     1 ||     3
       Fruit             |       |       |       |     1 |     1 |       |       |       ||     2
       Meat ration       |       |       |       |     1 |       |       |       |       ||     1
